Map: New Gettysburg LE

Players

Frapples

  • Race: Terran Terran
  • League: Gold
  • Spawn Location: 5:00

Fropez - Winner!

  • Race: Protoss Protoss
  • League: Gold
  • Spawn Location: 7:00

VOD

Have the link to the VOD?

Description

Time

  • Played on: Oct. 28, 2016, 1:28 p.m.
  • Length: 16:19
Show
View Real Time Build Order
Export as new Build Order

Frapples Terran 

Build Orders:  

Get SALT Encoding   

  12  0:01  SCV  
  13  0:16  Supply Depot  
  13  0:20  SCV  
  14  0:32  SCV  
  15  0:41  Barracks  
  15  0:44  SCV  
  15  0:47  Refinery  
  16  0:58  SCV  
  17  1:09  Barracks  
  17  1:10  SCV  
  18  1:26  SCV  
  18  1:29  Marine  
  20  1:36  Barracks  
  20  1:48  Marine  
  21  1:57  SCV  
  22  2:02  Refinery  
  22  2:04  Barracks Reactor  
  22  2:10  SCV  
  23  2:27  Barracks Tech Lab  
  23  2:28  Barracks Reactor  
  23  2:39  Command Center  
  23  2:44  SCV  
  23  2:45  Supply Depot  
  23  3:00  Orbital Command  
  23  3:07  Marauder  
  23  3:10  Marine x3  
  24  3:50  SCV  
  24  3:53  Marine  
  24  3:54  Marine x3  
  24  3:55  Marauder  
  31  3:56  Stimpack  
  31  4:08  Supply Depot  
  31  4:23  SCV  
  32  4:32  Marine x2, Marauder  
  32  4:33  Marine x2  
  32  4:36  SCV  
  39  4:40  SCV  
  40  4:46  Supply Depot  
  40  4:48  SCV  
  41  4:53  Marauder  
  41  4:55  Factory  
  41  4:58  Engineering Bay  
  43  5:00  SCV  
  43  5:06  Marine x2  
  46  5:08  Marine  
  46  5:11  Marine  
  48  5:14  SCV  
  49  5:28  Supply Depot  
  49  5:30  Marine x2, Marauder  
  49  5:31  Marine  
  49  5:33  Marine  
  55  5:39  SCV  
  56  5:54  SCV, Sensor Tower  
  56  5:57  Concussive Shells  
  57  5:59  Supply Depot, Terran Infantry Weapons Level 1  
  57  6:01  Marauder  
  59  6:07  Factory Tech Lab  
  59  6:08  Starport  
  59  6:31  SCV  
  60  6:36  Marine x3  
  60  6:37  Marine, Supply Depot, Marauder  
  66  6:43  Siege Tank, SCV  
  70  6:55  SCV  
  70  6:56  Medivac  
  70  6:59  Marauder  
  35  7:32  Marine x2  
  35  7:33  Marine x3  
  35  7:50  Marine x3  
  35  7:51  Marine x2  
  35  8:08  Marine x4  
  33  8:15  SCV  
  31  8:27  SCV  
  31  8:33  SCV  
  33  8:39  SCV  
  34  8:45  SCV  
  35  8:49  Marauder, Refinery  
  35  8:51  SCV  
  38  8:57  SCV  
  38  9:00  Engineering Bay  
  39  9:03  SCV  
  39  9:04  Bunker  
  39  9:09  SCV  
  32  9:14  Marauder  
  32  9:15  SCV  
  31  9:27  SCV  
  30  9:35  Marauder  
  25  10:06  SCV  
  25  10:18  SCV  
  26  10:28  SCV  
  27  10:30  SCV  
  28  10:39  Widow Mine  
  28  10:40  SCV  
  28  10:42  SCV  
  29  11:08  Widow Mine  
  31  11:17  SCV  
  32  11:22  SCV  
  32  11:25  Marine x2, Marauder  
  35  11:29  SCV  
  38  11:36  Widow Mine  
  38  11:38  Medivac  
  42  11:41  SCV  
  42  11:43  SCV  
  44  11:53  SCV  
  44  12:05  SCV x2, Widow Mine  
  48  12:17  SCV  
  48  12:19  Marauder  
  48  12:20  Marine  
  52  12:28  SCV  
  52  12:29  SCV  
  54  12:41  SCV, Marauder  
  57  12:53  SCV  
  58  12:59  Widow Mine  
  60  13:05  SCV  
  61  13:18  SCV  
  62  13:24  SCV, Command Center  
  62  13:27  Marauder  
  65  13:30  SCV  
  66  13:36  SCV  
  67  13:42  SCV  
  67  13:43  Widow Mine  
  67  13:48  Marauder  
  72  13:49  SCV  
  72  13:50  Supply Depot, Terran Infantry Armor Level 1  
  72  13:54  SCV  
  74  13:59  Medivac  
  76  14:06  SCV  
  77  14:11  Marine x2  
  77  14:12  Liberator  
  77  14:13  Marine x2  
  81  14:18  SCV  
  81  14:22  Refinery  
  86  14:32  Orbital Command  
  86  14:34  Marine  
  86  14:35  Marine x3  
  88  14:59  Widow Mine  
  90  15:01  Marine x2  
  90  15:02  Marine x2  
  94  15:32  Marine  
  94  15:42  Marine  
  94  15:45  Siege Tank  
  94  15:49  Marine  
  74  15:56  Marauder  
  77  16:02  Barracks  
  67  16:09  Command Center  
Show
View Real Time Build Order
Export as new Build Order

Fropez Protoss - Winner!

Build Orders: Mass Adepts 

Get SALT Encoding   

  12  0:02  Probe (Chrono Boost)  
  13  0:17  Pylon  
  13  0:21  Probe (Chrono Boost)  
  14  0:37  Probe (Chrono Boost), Gateway  
  15  0:48  Probe (Chrono Boost)  
  16  0:51  Assimilator  
  16  0:58  Probe (Chrono Boost)  
  17  1:09  Probe (Chrono Boost)  
  18  1:19  Probe (Chrono Boost)  
  19  1:30  Probe (Chrono Boost)  
  20  1:34  Cybernetics Core, Gateway  
  20  1:37  Gateway  
  20  1:41  Probe (Chrono Boost)  
  20  1:42  Assimilator  
  21  1:49  Pylon  
  21  1:59  Probe (Chrono Boost)  
  21  2:11  Adept  
  21  2:15  Mothership Core (Chrono Boost)  
  25  2:21  Adept  
  27  2:24  Adept  
  29  2:33  Probe (Chrono Boost)  
  30  2:43  Probe (Chrono Boost)  
  31  2:44  Warp Gate (Chrono Boost)  
  31  2:57  Pylon  
  31  3:15  Adept, Probe  
  34  3:22  Twilight Council, Pylon  
  34  3:25  Pylon  
  34  3:27  Probe  
  33  3:42  Adept x2  
  33  3:43  Adept  
  35  3:57  Probe  
  35  4:00  Resonating Glaives (Chrono Boost)  
  36  4:30  Nexus  
  36  4:33  Gateway  
  36  4:36  Probe  
  36  4:38  Pylon  
  37  4:48  Probe  
  38  4:54  Adept  
  38  4:55  Adept x2  
  44  5:16  Robotics Facility  
  44  5:22  Probe  
  45  5:29  Adept x3  
  51  5:53  Probe  
  52  5:58  Assimilator  
  52  6:04  Pylon  
  52  6:10  Adept x4  
  60  6:29  Warp Prism  
  62  6:37  Probe  
  62  6:39  Probe  
  64  6:45  Pylon  
  64  6:47  Stalker  
  64  6:48  Probe  
  53  7:36  Adept x4  
  59  7:42  Gateway  
  59  7:45  Gateway  
  59  7:47  Gateway  
  59  7:50  Gateway  
  57  7:59  Nexus  
  57  8:01  Pylon  
  53  8:17  Adept x2  
  53  8:18  Adept x2  
  55  8:29  Assimilator  
  55  8:31  Gateway  
  55  8:52  Adept x2  
  55  8:53  Adept x4  
  55  8:54  Adept  
  63  9:24  Probe  
  63  9:25  Probe  
  57  9:33  Adept x2  
  57  9:34  Adept x3  
  57  9:35  Adept  
  65  10:05  Stalker  
  65  10:06  Stalker x6  
  77  10:10  Probe x2  
  77  10:11  Probe  
  74  10:38  Adept x4  
  80  10:57  Probe  
  80  10:58  Probe  
  80  11:02  Blink (Chrono Boost)  
  76  11:05  Immortal  
  76  11:09  Stalker  
  76  11:10  Stalker  
  84  11:11  Probe  
  84  11:12  Probe  
  84  11:16  Stalker  
  88  11:28  Probe x2  
  88  11:29  Probe  
  91  11:34  Assimilator  
  91  11:37  Forge  
  91  11:38  Adept  
  93  11:40  Assimilator  
  91  12:03  Observer  
  91  12:06  Stalker x2  
  96  12:12  Adept x3  
  96  12:13  Adept x4, Probe  
  96  12:14  Probe  
  112  12:19  Immortal  
  112  12:25  Protoss Ground Weapons Level 1 (Chrono Boost)  
  116  12:56  Pylon  
  116  13:00  Pylon  
  116  13:02  Pylon  
  116  13:03  Pylon  
  116  13:06  Pylon  
  116  13:28  Nexus  
  116  13:30  Pylon  
  116  13:44  Adept x5  
  116  13:45  Adept x3  
  132  14:28  Photon Cannon  
  132  14:30  Pylon, Photon Cannon  
  132  14:53  Stalker  
  132  14:54  Stalker x6  
  132  14:55  Stalker x2  
  150  15:09  Gateway  
  150  15:11  Dark Shrine  
  150  15:12  Pylon  
  150  15:15  Pylon  
  150  15:18  Stalker x2  
  150  15:19  Stalker x3  
  159  15:33  Adept x3  
  159  15:34  Adept  
Tags
 
Composition
Mass Adepts
League
GoldGold
Matchup
PvT
Replay Pack
All Mines
Spawn Locations
Close Positions
Add a new tag
Caveats
  • Supply blocks, unpowered buildings, or Contaminate may cause inaccurate times.
  • Supply counts are checked every 10 seconds.